 Dungeon Crawl Stone Soup version 0.29.0-4-gdea44cf6ec (webtiles) character file.

Game seed: 5485376874725528477

84704 qw the Severer (level 15, -2/118 HPs)
             Began as a Demonspawn Cinder Acolyte on Sept 9, 2022.
             Was a High Priest of Okawaru.
             Killed by divine providence
             ... invoked by an orc priest
              (14 damage)
             ... on level 2 of the Orcish Mines.
             The game lasted 00:10:28 (29788 turns).

qw the Severer (Demonspawn Cinder Acolyte)         Turns: 29788, Time: 00:10:29

Health: -2/118     AC: 34    Str: 22    XL:     15   Next: 35%
Magic:  22/22      EV: 13    Int: 19    God:    Okawaru [*****.]
Gold:   1735       SH: 20    Dex: 21    Spells: 16/16 levels left

rFire   . . .      SeeInvis .   p - +2 war axe (vamp)
rCold   . . .      Faith    .   x - +0 kite shield
rNeg    + + .      Spirit   .   v - +6 plate armour "Ischihufob" {Rampage}
rPois   +          Reflect  +   e - +1 hat of Weirdness {rN++ Dex+3}
rElec   .          Harm     .   y - +0 cloak "Tuel" {Regen+ Int+4}
rCorr   .          Rampage  +   c - +2 pair of gloves {Dex+3}
Will    +....                   m - +2 pair of boots
Stlth   ..........              j - amulet of reflection
HPRegen 1.09/turn               b - ring of poison resistance
MPRegen 0.18/turn               s - +6 ring of dexterity

@: about to teleport, heroic
A: (demonic guardian 2), spiny 1, sharp scales 2, corrupting presence 1, demonic
touch 2, horns 1, talons 1, subdued magic 1
a: Renounce Religion, Heroism, Finesse, Duel


You were on level 2 of the Orcish Mines.
You worshipped Okawaru.
Okawaru was extremely pleased with you.
You visited 4 branches of the dungeon, and saw 23 of its levels.

You collected 2529 gold pieces.
You spent 794 gold pieces at shops.


Innate Abilities, Weirdness & Mutations

((A demonic guardian rushes to your aid.))
You are partially covered in sharp spines.
You are mostly covered in razor-sharp scales. (AC +2, Slay +2)
Your presence sometimes corrodes those you injure.
Your touch may inflict irresistible damage on your foes.
You have a pair of small horns on your head.
You have sharp toenails.
Your spells are a little easier to cast, but a little less powerful.


   Skills:
 - Level 11.0(16.0) Fighting
 - Level 16.0(21.0) Axes
 - Level 5.1(10.1) Throwing
 + Level 9.5(14.5) Armour
 - Level 6.0(11.0) Dodging
 - Level 11.0(16.0) Shields
 - Level 1.0 Spellcasting
 - Level 2.6 Fire Magic
 - Level 10.0 Invocations


You had 16 spell levels left.
You didn't know any spells.
Your spell library contained the following spells:

 Spells                   Type           Power      Damage    Failure   Level
 Scorch                   Fire           16%        2d6       80%         2

Inventory:

Hand Weapons
 n - a +1 hand axe of flaming
 p - a +2 vampiric war axe (weapon)
Missiles
 a - 4 boomerangs (quivered)
Armour
 c - a +2 pair of gloves of dexterity (worn)
 e - the +1 hat of Weirdness (worn) {rN++ Dex+3}
   (Okawaru gifted it to you on level 3 of the Lair of Beasts)

   Dex:       It affects your dexterity (+3).
   rN:        It greatly protects you from negative energy.
 m - a +2 pair of boots (worn)
 v - the +6 plate armour "Ischihufob" (worn) {Rampage}
   (Okawaru gifted it to you on level 15 of the Dungeon)

   Rampage:   It bestows one free step when moving towards enemies.
 x - a +0 kite shield (worn)
 y - the +0 cloak "Tuel" (worn) {Regen+ Int+4}
   (Okawaru gifted it to you on level 11 of the Dungeon)

   Int:       It affects your intelligence (+4).
   Regen:     It increases your rate of health regeneration.
Jewellery
 b - a ring of poison resistance (left hand)
 j - an amulet of reflection (around neck)
 s - a +6 ring of dexterity (right hand)
 t - a ring of ice
 w - a +6 ring of dexterity
Scrolls
 i - 4 scrolls of teleportation
 k - 17 scrolls of identify
Potions
 f - 2 potions of might
 g - 4 potions of mutation
 h - 3 potions of cancellation
 l - a potion of haste
 o - a potion of magic
 r - 11 potions of curing

Dungeon Overview and Level Annotations

Branches:
Dungeon (15/15)            Temple (1/1) D:4            Lair (5/5) D:9
 Shoals (0/4) Lair:3        Snake (0/4) Lair:3        Slime (0/5) Lair:5
    Orc (2/2) D:11            Elf (0/3) Orc:2        Vaults (0/5) D:13
 Depths (0/4) D:15

Altars:
Ashenzari
Cheibriados
Kikubaaqudgha
Okawaru
Qazlal
Sif Muna
Wu Jian
Xom
Yredelemnul
Jiyva

Shops:
D:2 :   D:5 (*[(   D:10 !([=?   Orc:1 (

Annotations:
D:5 1 runed translucent door, Crazy Yiuf
D:6 2 runed translucent doors, qw's ghost, novice FoCA
D:8 2 transporters, qw's ghost, novice GrBe
D:10 2 transporters, qw's ghost, novice DsCA
D:13 3 runed translucent doors, Xuta's ghost, journeyman FoFi
Lair:2 1 runed translucent door, qw's ghost, journeyman TrCA
Lair:3 2 transporters
Lair:5 2 runed translucent doors


Message History

You slash the orc warrior!
You feel better.
You headbutt the orc warrior.
You kill the orc warrior!
Okawaru accepts your kill.
You barely miss the orc priest. You closely miss the orc priest.
You slash the orc warrior!
You feel better. You block the orc warrior's attack.
You block the orc priest's attack. x2
The orc warrior is struck by your spines.
The orc warrior hits you but does no damage.
You slash the orc warrior!
You kill the orc warrior!
Okawaru accepts your kill.
You closely miss the orc priest. You hit the orc.
You feel better.
You slash the orc priest!
You kill the orc priest!
Okawaru accepts your kill.
The orc priest mumbles some strange prayers to Beogh against you.
Beogh smites you! The orc priest hits you with a +0 mace.
The orc is struck by your spines.
You kill the orc!
An orc priest comes into view. It is wielding a +0 hand axe.
The orc warrior closely misses you.
The orc priest calls down the wrath of Beogh upon you.
Beogh smites you!
The orc priest mumbles some strange prayers to Beogh against you.
Beogh smites you!
You hear a shout!
Your life force feels restored.
29787 ||| READING 5 scrolls of teleportation.
As you read the scroll of teleportation, it crumbles to dust.
You feel strangely unstable.
The orc priest invokes the aid of Beogh against you.
Pain shoots through your body!
The orc warrior hits you but does no damage.
The orc priest barely misses you.
You completely miss the orc priest. You headbutt the orc priest!
The orc priest is severely wounded.
You slash the orc priest!
The orc priest calls down the wrath of Beogh upon you.
Beogh smites you!
You die...

...##.........##.....#
#...##.......##......##
##.###............#...#
.#.##............##...#
#...#.............##.##
.....#.........#..####
#.#................#.##.
#.......#...............
........#......)@)...#..
........#######ooo####
).......#


o.o.oo. ........# #.o#...#..# ........# #.o.......# .)))....# #...#...#...#
........# #o..........# ........# ... #...# ... ......).# You could see an orc
warrior and 9 orc priests.

Vanquished Creatures
  Roxanne (D:14)
  An orc warlord (Orc:2)
  Snorg (D:10)
  Josephine (Lair:3)
  Fannar (Lair:3)
  A boulder beetle (D:12)
  A vault guard (D:13)
  5 hydras
  A catoblepas (Lair:4)
  3 centaur warriors
  3 two-headed ogres
  4 slime creatures (D:14)
  A death yak (Lair:4)
  Urug (D:10)
  4 orc high priests (Orc:2)
  A deep elf knight (D:13)
  Pikel (D:5)
  2 lindwurms
  3 deep elf pyromancers
  A wolf spider (D:15)
  3 necromancers
  3 orc knights (D:15)
  2 deep elf zephyrmancers (D:15)
  4 orc sorcerers
  17 ugly things
  7 cyclopes
  2 manticores (D:14)
  Maurice (D:12)
  8 black mambas
  11 elephants
  A centaur zombie (D:15)
  Joseph (D:8)
  9 cane toads
  3 molten gargoyles (Lair:5)
  2 torpor snails (Lair:4)
  A gargoyle (D:11)
  4 yaktaurs
  4 rime drakes
  11 komodo dragons
  2 centaur skeletons (D:15)
  An efreet (D:15)
  3 polar bears
  6 trolls
  Grinder (D:5)
  6 blink frogs
  4 dream sheep (Lair:4)
  2 meliai zombies (D:15)
  A shadow (D:11)
  A spriggan (Lair:2)
  15 fire elementals
  8 wraiths
  45 yaks
  20 humans (D:13)
  7 wyverns
  A vampire (D:10)
  3 steam dragons
  7 basilisks
  3 wargs
  Edmund (D:6)
  3 nagas (Lair:3)
  16 water moccasins
  3 hell hounds (Lair:5)
  4 acid dragons
  A meliai simulacrum (D:14)
  28 orc warriors
  3 black bears
  5 ice beasts
  7 ogres
  30 wolves
  3 boggarts (D:14)
  8 centaurs
  5 kobold brigands
  2 lemures (D:5)
  3 phantoms
  Blork the orc (D:6)
  12 bullfrogs
  A necrophage (D:5)
  A scorpion (D:5)
  A gnoll sergeant (D:6)
  14 wights
  3 howler monkeys
  2 vampire bats (Lair:5)
  3 electric eels (D:10)
  4 lava snakes (Lair:5)
  3 hounds
  12 orc priests
  Ijyb (D:3)
  An iguana (D:5)
  21 orc wizards
  2 centaur simulacra (D:10)
  6 adders
  5 gnolls (D:6)
  8 white imps
  3 ufetubi
  4 dart slugs
  77 orcs
  5 endoplasms
  3 giant cockroaches
  10 goblins
  8 hobgoblins
  7 jackals
  2 quokkas
  8 ball pythons
  5 bats
  A frilled lizard (D:2)
  28 kobolds
  7 rats
658 creatures vanquished.

Vanquished Creatures (collateral kills)
  A wolf (Lair:1)
  A kobold brigand (D:5)
  An iguana (D:4)
  2 orcs
  An endoplasm (D:1)
  A ball python (D:1)
7 creatures vanquished.

Vanquished Creatures (others)
  A lava snake (Lair:5)
  An orc (Orc:2)
  22 fungi
  71 plants
95 creatures vanquished.

Grand Total: 760 creatures vanquished

Notes
Turn   | Place    | Note
-------+----------+-------------------------------------------
     0 | D:1      | qw the Demonspawn Cinder Acolyte began the quest for the
                  | Orb.
     0 | D:1      | Reached XP level 1. HP: 18/18 MP: 2/2
     0 | D:1      | 0 ||| qw: Version: 0.1-a-113-g051387a
     0 | D:1      | 0 ||| qw: Game counter: 7097
     0 | D:1      | 0 ||| qw: Always use a shield: true
     0 | D:1      | 0 ||| qw: God list: Okawaru
     0 | D:1      | 0 ||| qw: Allow faded altars: false
     0 | D:1      | 0 ||| qw: Do Orc after D:15 true
     0 | D:1      | 0 ||| qw: Do second Lair branch before Depths: true
     0 | D:1      | 0 ||| qw: Lair rune preference: random
     0 | D:1      | 0 ||| qw: Plans: Normal
     0 | D:1      | 0 ||| PLANNING D:1-11
    18 | D:1      | 18 ||| Stepping ~*~*~tactically~*~*~ (stealth).
    19 | D:1      | 19 ||| Stepping ~*~*~tactically~*~*~ (stealth).
    20 | D:1      | 20 ||| Stepping ~*~*~tactically~*~*~ (stealth).
    27 | D:1      | Reached skill level 3 in Axes
    27 | D:1      | 27 ||| INVOKING Fiery Armour.
   270 | D:1      | 270 ||| INVOKING Fiery Armour.
   275 | D:1      | Gained mutation: A weak demonic guardian rushes to your
                  | aid. [demonic ancestry]
   275 | D:1      | Reached XP level 2. HP: 11/24 MP: 3/3
   490 | D:1      | 490 ||| Stepping ~*~*~tactically~*~*~ (stealth).
   492 | D:1      | 492 ||| Stepping ~*~*~tactically~*~*~ (stealth).
   493 | D:1      | 493 ||| Stepping ~*~*~tactically~*~*~ (stealth).
   892 | D:1      | You fall into a shaft and drop 1 floor!
   998 | D:2      | 998 ||| INVOKING Fiery Armour.
  1154 | D:2      | Reached XP level 3. HP: 29/29 MP: 4/4
  1214 | D:2      | 1214 ||| INVOKING Fiery Armour.
  1215 | D:2      | Reached skill level 4 in Axes
  1725 | D:2      | 1725 ||| Stepping ~*~*~tactically~*~*~ (stealth).
  1739 | D:2      | Found Naykhlo's Book Shop.
  1784 | D:2      | 1784 ||| UPGRADING to +0 scale mail.
  1794 | D:2      | 1794 ||| DROPPING +0 robe.
  1795 | D:2      | 1795 ||| UPGRADING to +1 pair of gloves.
  1800 | D:2      | 1800 ||| UPGRADING to +0 buckler.
  1805 | D:2      | 1805 ||| DROPPING ring of wizardry.
  1806 | D:2      | 1806 ||| READING scroll labelled TIXOGG TEPT.
  1807 | D:2      | 1807 ||| READING scroll labelled SUSIPYSE KUV.
  1808 | D:2      | 1808 ||| READING scroll labelled MEXTUYVOER.
  1809 | D:2      | 1809 ||| DRINKING 2 bubbling orange potions.
  1810 | D:2      | 1810 ||| DRINKING 2 bubbling emerald potions.
  1811 | D:2      | 1811 ||| DROPPING potion of flight.
  2064 | D:1      | 2064 ||| Stepping ~*~*~tactically~*~*~ (stealth).
  2067 | D:1      | 2067 ||| Stepping ~*~*~tactically~*~*~ (stealth).
  2391 | D:2      | 2391 ||| UPGRADING to +0 helmet.
  2453 | D:3      | 2453 ||| PLANNING SEWER
  2537 | D:3      | 2537 ||| Stepping ~*~*~tactically~*~*~ (hiding).
  2540 | D:3      | Reached skill level 1 in Shields
  2540 | D:3      | 2540 ||| Stepping ~*~*~tactically~*~*~ (hiding).
  2541 | D:3      | 2541 ||| Stepping ~*~*~tactically~*~*~ (hiding).
  2547 | D:3      | Noticed Ijyb
  2548 | D:3      | 2548 ||| INVOKING Fiery Armour.
  2557 | D:3      | 2557 ||| DRINKING potion of curing.
  2557 | D:3      | 2557 ||| (to cure confusion)
  2559 | D:3      | Reached skill level 1 in Armour
  2559 | D:3      | Reached XP level 4. HP: 35/35 MP: 5/5
  2579 | D:3      | Killed Ijyb
  2611 | D:3      | 2611 ||| FLEEEEING.
  2612 | D:3      | 2612 ||| FLEEEEING.
  2613 | D:3      | 2613 ||| FLEEEEING.
  2614 | D:3      | 2614 ||| FLEEEEING.
  2615 | D:3      | 2615 ||| FLEEEEING.
  2616 | D:3      | 2616 ||| FLEEEEING.
  2617 | D:3      | 2617 ||| FLEEEEING.
  2619 | D:3      | 2619 ||| FLEEEEING.
  2620 | D:3      | 2620 ||| FLEEEEING.
  2621 | D:3      | 2621 ||| FLEEEEING.
  2622 | D:3      | 2622 ||| FLEEEEING.
  2623 | D:3      | 2623 ||| FLEEEEING.
  2624 | D:3      | 2624 ||| FLEEEEING.
  2625 | D:3      | 2625 ||| FLEEEEING.
  2626 | D:3      | 2626 ||| FLEEEEING.
  2627 | D:3      | 2627 ||| FLEEEEING.
  2628 | D:3      | 2628 ||| FLEEEEING.
  2630 | D:3      | 2630 ||| FLEEEEING.
  2631 | D:3      | 2631 ||| FLEEEEING.
  2633 | D:3      | 2633 ||| FLEEEEING.
  2634 | D:3      | 2634 ||| FLEEEEING.
  2636 | D:3      | 2636 ||| STAIRDANCE
  2680 | D:2      | 2680 ||| READING scroll labelled YKUUFOF JAOG.
  2687 | D:3      | 2687 ||| STAIRDANCE
  2762 | D:3      | 2762 ||| SWAPPING to +0 hand axe of flaming.
  2763 | D:3      | 2763 ||| DROPPING -1 hand axe of flaming.
  3041 | D:3      | Found a snail-covered altar of Cheibriados.
  3102 | D:3      | Reached XP level 5. HP: 41/41 MP: 6/6
  3104 | D:3      | 3104 ||| RIP SEWER
  3137 | D:3      | 3137 ||| PLANNING D:1-11
  3358 | D:3      | 3358 ||| UPGRADING to +1 chain mail of cold resistance.
  3368 | D:3      | 3368 ||| DROPPING +0 scale mail.
  3369 | D:3      | 3369 ||| UPGRADING to +1 pair of boots.
  3374 | D:3      | 3374 ||| READING scroll labelled DUADUIHYXU.
  3514 | D:3      | 3514 ||| READING scroll labelled SANIXKOFEGH.
  3515 | D:3      | 3515 ||| READING scroll labelled NULISHR ZYCYTE.
  3836 | D:4      | 3836 ||| STAIRDANCE
  3842 | D:4      | 3842 ||| STAIRDANCE
  3899 | D:4      | 3899 ||| Stepping ~*~*~tactically~*~*~ (stealth).
  3902 | D:4      | 3902 ||| Stepping ~*~*~tactically~*~*~ (stealth).
  3909 | D:4      | Reached skill level 5 in Axes
  3909 | D:4      | 3909 ||| FLEEEEING.
  3910 | D:4      | 3910 ||| FLEEEEING.
  3911 | D:4      | 3911 ||| STAIRDANCE
  4017 | D:4      | 4017 ||| STAIRDANCE
  4037 | D:4      | 4037 ||| Stepping ~*~*~tactically~*~*~ (stealth).
  4039 | D:4      | 4039 ||| Stepping ~*~*~tactically~*~*~ (hiding).
  4382 | D:4      | Noticed a phantom
  4403 | D:4      | Killed a phantom
  4404 | D:4      | Reached XP level 6. HP: 42/47 MP: 7/7
  4560 | D:4      | Found an ornate altar of the Wu Jian Council.
  4745 | D:4      | Found a staircase to the Ecumenical Temple.
  4927 | D:4      | 4927 ||| UPGRADING to +1 helmet.
  4937 | D:4      | 4937 ||| DROPPING +0 helmet.
  4938 | D:4      | 4938 ||| UPGRADING to amulet of reflection.
  4943 | D:4      | 4943 ||| READING scroll labelled UPYRUC MEHIES.
  4944 | D:4      | 4944 ||| DRINKING 2 pink potions.
  4945 | D:4      | 4945 ||| DROPPING potion of attraction.
  4946 | D:4      | 4946 ||| Stepping randomly (stuck).
  4947 | D:4      | 4947 ||| Stepping ~*~*~tactically~*~*~ (cloud).
  5131 | D:5      | Entered Level 5 of the Dungeon
  5174 | D:5      | Reached skill level 6 in Axes
  5176 | D:5      | Noticed an ice beast
  5186 | D:5      | Killed an ice beast
  5222 | D:5      | Found Xuitowel's Armour Shop.
  5233 | D:5      | 5233 ||| SHOPLISTING +6 plate armour of ponderousness (360
                  | gold, have 212).
  5254 | D:5      | Gained mutation: Your touch may inflict minor irresistible
                  | damage on your foes. [demonic ancestry]
  5254 | D:5      | Reached XP level 7. HP: 45/52 MP: 8/8
  5357 | D:5      | Found Bukask's Weapon Shop.
  5502 | D:5      | Found a runed translucent door.
  5503 | D:5      | Noticed Crazy Yiuf
  5622 | D:5      | Noticed Grinder
  5623 | D:5      | 5623 ||| Stepping ~*~*~tactically~*~*~ (hiding).
  5644 | D:5      | Killed Grinder
  5645 | D:5      | Reached skill level 7 in Axes
  5802 | D:5      | 5802 ||| Stepping ~*~*~tactically~*~*~ (hiding).
  5822 | D:5      | Found Plog's Weapon Emporium.
  5823 | D:5      | Found Egyzij's General Store.
  5841 | D:5      | 5841 ||| BUYING scroll of identify (30 gold).
  5841 | D:5      | Bought a scroll of identify for 30 gold pieces
  5935 | D:5      | Reached skill level 1 in Dodging
  5947 | D:5      | 5947 ||| Stepping ~*~*~tactically~*~*~ (hiding).
  5948 | D:5      | 5948 ||| Stepping ~*~*~tactically~*~*~ (hiding).
  6134 | D:5      | 6134 ||| UPGRADING to ring of poison resistance.
  6135 | D:5      | 6135 ||| READING scroll labelled SIYFIQ NALIDOD.
  6196 | D:5      | 6196 ||| DRINKING 3 smoky blue potions.
  6197 | D:5      | 6197 ||| READING 2 scrolls of identify.
  6197 | D:5      | 6197 ||| IDENTIFYING silvery potion
  6198 | D:5      | 6198 ||| DROPPING potion of magic.
  6223 | D:6      | Noticed Pikel
  6225 | D:6      | 6225 ||| STAIRDANCE
  6305 | D:6      | 6305 ||| STAIRDANCE
  6319 | D:5      | 6319 ||| INVOKING Fiery Armour.
  6321 | D:5      | Killed Pikel
  6322 | D:5      | Reached XP level 8. HP: 29/61 MP: 9/9
  6530 | D:6      | 6530 ||| STAIRDANCE
  6620 | D:6      | Noticed Blork the orc
  6621 | D:6      | 6621 ||| STAIRDANCE
  6699 | D:6      | 6699 ||| STAIRDANCE
  6841 | D:6      | 6841 ||| STAIRDANCE
  6933 | D:6      | 6933 ||| STAIRDANCE
  6935 | D:6      | 6935 ||| STAIRDANCE
  6937 | D:5      | 6937 ||| DRINKING potion of curing.
  6937 | D:5      | 6937 ||| (to cure confusion)
  6999 | D:6      | 6999 ||| STAIRDANCE
  7051 | D:6      | 7051 ||| STAIRDANCE
  7131 | D:6      | Killed Blork the orc
  7132 | D:6      | Reached skill level 8 in Axes
  7179 | D:6      | Noticed Edmund
  7187 | D:6      | 7187 ||| INVOKING Fiery Armour.
  7196 | D:6      | HP: 13/61 [constriction (4)]
  7199 | D:6      | Killed Edmund
  7521 | D:6      | Found a runed translucent door.
  7543 | D:6      | Gained mutation: Your touch may inflict irresistible damage
                  | on your foes. [demonic ancestry]
  7543 | D:6      | Reached XP level 9. HP: 44/68 MP: 10/10
  7672 | D:6      | Noticed qw's ghost (novice FoCA)
  7685 | D:6      | 7685 ||| INVOKING Fiery Armour.
  7703 | D:6      | Reached skill level 1 in Throwing
  8157 | D:6      | Found a runed translucent door.
  8481 | D:6      | 8481 ||| UPGRADING to +1 pair of gloves of dexterity.
  8491 | D:6      | 8491 ||| DROPPING +1 pair of gloves.
  8492 | D:6      | 8492 ||| UPGRADING to +6 ring of dexterity.
  8493 | D:6      | 8493 ||| READING 2 scrolls of identify.
  8493 | D:6      | 8493 ||| IDENTIFYING bubbling pink potion
  8494 | D:6      | 8494 ||| DROPPING potion of degeneration.
  8533 | D:7      | 8533 ||| INVOKING Fiery Armour.
  8550 | D:7      | 8550 ||| FLEEEEING.
  8551 | D:7      | 8551 ||| FLEEEEING.
  8554 | D:7      | 8554 ||| STAIRDANCE
  8859 | D:7      | Reached skill level 9 in Axes
  8922 | D:7      | 8922 ||| INVOKING Fiery Armour.
  8930 | D:7      | Reached skill level 3 in Shields
  8951 | D:7      | Reached skill level 6 in Fighting
  9122 | D:7      | 9122 ||| SWAPPING to +4 war axe.
  9814 | D:7      | 9814 ||| Stepping ~*~*~tactically~*~*~ (stealth).
  9816 | D:7      | 9816 ||| Stepping ~*~*~tactically~*~*~ (hiding).
  9881 | D:7      | 9881 ||| READING scroll labelled PIVITEUMMU.
  9954 | D:8      | 9954 ||| Stepping ~*~*~tactically~*~*~ (stealth).
  9959 | D:8      | 9959 ||| Stepping ~*~*~tactically~*~*~ (stealth).
 10049 | D:8      | Found a transporter.
 10049 | D:8      | Noticed qw's ghost (novice GrBe)
 10050 | D:8      | Found a transporter.
 10066 | D:8      | 10066 ||| Stepping ~*~*~tactically~*~*~ (hiding).
 10079 | D:8      | Reached skill level 10 in Axes
 10087 | D:8      | Reached skill level 3 in Dodging
 10249 | D:8      | 10249 ||| Stepping ~*~*~tactically~*~*~ (stealth).
 10271 | D:8      | Found a basalt altar of Yredelemnul.
 10272 | D:8      | Found a shimmering blue altar of Sif Muna.
 10302 | D:8      | Gained mutation: A demonic guardian rushes to your aid.
                  | [demonic ancestry]
 10302 | D:8      | Reached XP level 10. HP: 77/77 MP: 11/11
 10938 | D:8      | Noticed Joseph
 10939 | D:8      | 10939 ||| Stepping ~*~*~tactically~*~*~ (hiding).
 10952 | D:8      | Killed Joseph
 11104 | D:8      | 11104 ||| DROPPING +3 chain mail.
 11105 | D:8      | 11105 ||| UPGRADING to +0 plate armour.
 11115 | D:8      | 11115 ||| DROPPING +1 chain mail of cold resistance.
 11116 | D:8      | 11116 ||| DRINKING 2 fizzy green potions.
 11160 | D:9      | Reached skill level 11 in Axes
 11368 | D:9      | 11368 ||| Stepping ~*~*~tactically~*~*~ (stealth).
 11370 | D:9      | 11370 ||| Stepping ~*~*~tactically~*~*~ (stealth).
 11417 | D:9      | Reached skill level 6 in Armour
 11455 | D:9      | Found a staircase to the Lair.
 11640 | D:9      | 11640 ||| Stepping ~*~*~tactically~*~*~ (stealth).
 11643 | D:9      | 11643 ||| Stepping ~*~*~tactically~*~*~ (stealth).
 11646 | D:9      | 11646 ||| Stepping ~*~*~tactically~*~*~ (stealth).
 11647 | D:9      | 11647 ||| Stepping ~*~*~tactically~*~*~ (stealth).
 11648 | D:9      | 11648 ||| Stepping ~*~*~tactically~*~*~ (stealth).
 11827 | D:9      | 11827 ||| PLANNING LAIR
 11827 | D:9      | 11827 ||| DRINKING 4 puce potions.
 11827 | D:9      | Gained mutation: You have a pair of small horns on your
                  | head. [potion of mutation]
 11827 | D:9      | Gained mutation: Your spells are a little easier to cast,
                  | but a little less powerful. [potion of mutation]
 11827 | D:9      | Gained mutation: You have sharp toenails. [potion of
                  | mutation]
 11828 | D:9      | 11828 ||| DROPPING +1 helmet.
 11829 | D:9      | 11829 ||| DRINKING 2 cyan potions.
 11877 | D:9      | 11877 ||| DROPPING potion of lignification.
 11906 | Lair:1   | Entered Level 1 of the Lair of Beasts
 11924 | Lair:1   | Noticed a black mamba
 11933 | Lair:1   | Killed a black mamba
 12032 | Lair:1   | Noticed a cane toad
 12033 | Lair:1   | 12033 ||| Stepping ~*~*~tactically~*~*~ (stealth).
 12040 | Lair:1   | 12040 ||| INVOKING Fiery Armour.
 12040 | Lair:1   | HP: 18/79 [komodo dragon (19)]
 12041 | Lair:1   | 12041 ||| READING scroll of teleportation.
 12041 | Lair:1   | HP: 2/79 [komodo dragon (16)]
 12042 | Lair:1   | 12042 ||| DRINKING potion of heal wounds.
 12055 | Lair:1   | HP: 20/80 [yak (7)]
 12060 | Lair:1   | HP: 17/80 [yak (4)]
 12064 | Lair:1   | Gained mutation: You are partially covered in sharp spines.
                  | [demonic ancestry]
 12064 | Lair:1   | Reached XP level 11. HP: 19/86 MP: 12/12
 12372 | Lair:1   | 12372 ||| INVOKING Fiery Armour.
 12376 | Lair:1   | Noticed a six-headed hydra
 12381 | Lair:1   | 12381 ||| SWAPPING to +0 hand axe of flaming.
 12391 | Lair:1   | Reached skill level 12 in Axes
 12391 | Lair:1   | Killed a four-headed hydra
 12392 | Lair:1   | 12392 ||| SWAPPING to +4 war axe.
 12440 | Lair:1   | 12440 ||| Stepping ~*~*~tactically~*~*~ (stealth).
 12441 | Lair:1   | 12441 ||| Stepping ~*~*~tactically~*~*~ (stealth).
 12445 | Lair:1   | 12445 ||| Stepping ~*~*~tactically~*~*~ (stealth).
 12459 | Lair:1   | 12459 ||| Stepping ~*~*~tactically~*~*~ (stealth).
 12467 | Lair:1   | 12467 ||| Stepping ~*~*~tactically~*~*~ (stealth).
 12613 | Lair:1   | 12613 ||| PLANNING TEMPLE
 12942 | Temple   | Entered the Ecumenical Temple
 12943 | Temple   | 12943 ||| PLANNING CONVERSION TO OKAWARU
 12947 | Temple   | Fell from the grace of Ignis
 12947 | Temple   | Became a worshipper of Warmaster Okawaru
 12948 | Temple   | 12948 ||| PLANNING LAIR
 13178 | Lair:1   | Reached skill level 13 in Axes
 13292 | Lair:1   | 13292 ||| Stepping ~*~*~tactically~*~*~ (hiding).
 13294 | Lair:1   | 13294 ||| Stepping ~*~*~tactically~*~*~ (hiding).
 13421 | Lair:1   | 13421 ||| DROPPING +0 hand axe of flaming.
 13782 | Lair:1   | 13782 ||| READING scroll labelled COLAEL VAEDAPS.
 13783 | Lair:1   | 13783 ||| READING 2 scrolls of identify.
 13783 | Lair:1   | 13783 ||| IDENTIFYING yellow potion
 13784 | Lair:1   | 13784 ||| DROPPING potion of ambrosia.
 13852 | Lair:2   | Noticed a five-headed hydra
 13855 | Lair:2   | 13855 ||| SWAPPING to +1 hand axe of flaming.
 13863 | Lair:2   | Killed a one-headed hydra
 13864 | Lair:2   | 13864 ||| SWAPPING to +4 war axe.
 14014 | Lair:2   | 14014 ||| Stepping ~*~*~tactically~*~*~ (stealth).
 14020 | Lair:2   | Reached skill level 9 in Fighting
 14031 | Lair:2   | 14031 ||| Stepping ~*~*~tactically~*~*~ (stealth).
 14042 | Lair:2   | 14042 ||| FLEEEEING.
 14043 | Lair:2   | 14043 ||| Stepping ~*~*~tactically~*~*~ (hiding).
 14179 | Lair:2   | 14179 ||| Stepping ~*~*~tactically~*~*~ (stealth).
 14188 | Lair:2   | Reached * piety under Okawaru
 14203 | Lair:2   | 14203 ||| INVOKING Heroism.
 14206 | Lair:2   | 14206 ||| Stepping ~*~*~tactically~*~*~ (hiding).
 14210 | Lair:2   | Reached skill level 1 in Invocations
 14216 | Lair:2   | 14216 ||| INVOKING Heroism.
 14220 | Lair:2   | Reached skill level 3 in Invocations
 14415 | Lair:2   | Noticed a six-headed hydra
 14418 | Lair:2   | 14418 ||| INVOKING Heroism.
 14429 | Lair:2   | 14429 ||| SWAPPING to +1 hand axe of flaming.
 14438 | Lair:2   | Killed a one-headed hydra
 14438 | Lair:2   | Reached ** piety under Okawaru
 14439 | Lair:2   | 14439 ||| SWAPPING to +4 war axe.
 15188 | Lair:2   | Found a runed translucent door.
 15193 | Lair:2   | Noticed qw's ghost (journeyman TrCA)
 15300 | Lair:2   | 15300 ||| READING scroll labelled HEREHI LIGUUZ.
 15301 | Lair:2   | 15301 ||| DRINKING 2 fuming blue potions.
 15302 | Lair:2   | 15302 ||| DRINKING 2 viscous puce potions.
 15336 | Lair:2   | You fall into a shaft and drop 2 floors!
 15346 | Lair:4   | Gained mutation: You are partially covered in razor-sharp
                  | scales. (AC +1, Slay +1) [demonic ancestry]
 15346 | Lair:4   | Reached XP level 12. HP: 90/95 MP: 15/15
 15395 | Lair:4   | 15395 ||| INVOKING Heroism.
 15482 | Lair:4   | 15482 ||| INVOKING Heroism.
 15505 | Lair:4   | 15505 ||| INVOKING Heroism.
 15506 | Lair:4   | 15506 ||| Stepping ~*~*~tactically~*~*~ (stealth).
 15618 | Lair:4   | 15618 ||| Stepping ~*~*~tactically~*~*~ (stealth).
 15618 | Lair:4   | Noticed a death yak
 15619 | Lair:4   | 15619 ||| Stepping ~*~*~tactically~*~*~ (stealth).
 15620 | Lair:4   | 15620 ||| Stepping ~*~*~tactically~*~*~ (stealth).
 15621 | Lair:4   | 15621 ||| Stepping ~*~*~tactically~*~*~ (stealth).
 15624 | Lair:4   | 15624 ||| INVOKING Heroism.
 15633 | Lair:4   | Killed a death yak
 15681 | Lair:4   | 15681 ||| Stepping ~*~*~tactically~*~*~ (stealth).
 15682 | Lair:4   | 15682 ||| Stepping ~*~*~tactically~*~*~ (stealth).
 15710 | Lair:4   | 15710 ||| Stepping ~*~*~tactically~*~*~ (stealth).
 15776 | Lair:4   | 15776 ||| INVOKING Heroism.
 15809 | Lair:4   | Noticed a catoblepas
 15810 | Lair:4   | 15810 ||| INVOKING Heroism.
 15814 | Lair:4   | 15814 ||| Stepping ~*~*~tactically~*~*~ (hiding).
 15815 | Lair:4   | 15815 ||| Stepping ~*~*~tactically~*~*~ (hiding).
 15827 | Lair:4   | Killed a catoblepas
 15883 | Lair:4   | You fall into a shaft and drop 1 floor!
 15883 | Lair:5   | Entered Level 5 of the Lair of Beasts
 15917 | Lair:5   | Reached *** piety under Okawaru
 15959 | Lair:5   | 15959 ||| Stepping ~*~*~tactically~*~*~ (stealth).
 15960 | Lair:5   | 15960 ||| Stepping ~*~*~tactically~*~*~ (stealth).
 15962 | Lair:5   | Identified the +3 leather armour of Jerchoiw {rC++}
 15971 | Lair:5   | 15971 ||| Stepping ~*~*~tactically~*~*~ (stealth).
 15975 | Lair:5   | Reached skill level 14 in Axes
 15978 | Lair:5   | 15978 ||| Stepping ~*~*~tactically~*~*~ (stealth).
 15979 | Lair:5   | 15979 ||| Stepping ~*~*~tactically~*~*~ (stealth).
 15983 | Lair:5   | 15983 ||| Stepping ~*~*~tactically~*~*~ (stealth).
 16013 | Lair:5   | 16013 ||| Stepping ~*~*~tactically~*~*~ (stealth).
 16016 | Lair:5   | 16016 ||| Stepping ~*~*~tactically~*~*~ (stealth).
 16019 | Lair:5   | 16019 ||| Stepping ~*~*~tactically~*~*~ (stealth).
 16025 | Lair:5   | 16025 ||| INVOKING Heroism.
 16074 | Lair:5   | 16074 ||| Stepping ~*~*~tactically~*~*~ (stealth).
 16075 | Lair:5   | 16075 ||| Stepping ~*~*~tactically~*~*~ (stealth).
 16357 | Lair:5   | 16357 ||| INVOKING Heroism.
 16425 | Lair:5   | 16425 ||| INVOKING Heroism.
 16542 | Lair:5   | 16542 ||| INVOKING Heroism.
 16730 | Lair:5   | 16730 ||| INVOKING Heroism.
 16969 | Lair:5   | 16969 ||| INVOKING Heroism.
 17232 | Lair:5   | 17232 ||| Stepping ~*~*~tactically~*~*~ (stealth).
 17233 | Lair:5   | 17233 ||| UPGRADING to +0 plate armour of willpower.
 17240 | Lair:5   | 17240 ||| INVOKING Heroism.
 17401 | Lair:5   | 17401 ||| UPGRADING to +0 plate armour of willpower.
 17406 | Lair:5   | 17406 ||| DROPPING +0 plate armour.
 17407 | Lair:5   | 17407 ||| DROPPING amulet of faith.
 17413 | Lair:4   | 17413 ||| INVOKING Heroism.
 17710 | Lair:4   | 17710 ||| Stepping ~*~*~tactically~*~*~ (stealth).
 17728 | Lair:4   | 17728 ||| Stepping ~*~*~tactically~*~*~ (stealth).
 17778 | Lair:4   | 17778 ||| Stepping ~*~*~tactically~*~*~ (stealth).
 17783 | Lair:4   | Received a gift from Okawaru
 17845 | Lair:3   | Noticed Josephine
 17846 | Lair:3   | 17846 ||| INVOKING Heroism.
 17857 | Lair:3   | Killed Josephine
 17857 | Lair:3   | Reached **** piety under Okawaru
 17866 | Lair:3   | Received a gift from Okawaru
 17889 | Lair:3   | 17889 ||| Stepping ~*~*~tactically~*~*~ (stealth).
 17891 | Lair:3   | 17891 ||| Stepping ~*~*~tactically~*~*~ (stealth).
 17893 | Lair:3   | 17893 ||| INVOKING Heroism.
 17915 | Lair:3   | Reached skill level 6 in Invocations
 17915 | Lair:3   | Gained mutation: You are mostly covered in razor-sharp
                  | scales. (AC +2, Slay +2) [demonic ancestry]
 17915 | Lair:3   | Reached XP level 13. HP: 87/103 MP: 15/17
 17994 | Lair:3   | Found a staircase to the Shoals.
 18043 | Lair:3   | Found a staircase to the Snake Pit.
 18046 | Lair:3   | 18046 ||| INVOKING Heroism.
 18084 | Lair:3   | Found a transporter.
 18164 | Lair:3   | 18164 ||| Stepping ~*~*~tactically~*~*~ (stealth).
 18177 | Lair:3   | Reached ***** piety under Okawaru
 18368 | Lair:3   | Noticed Fannar
 18383 | Lair:3   | 18383 ||| INVOKING Heroism.
 18384 | Lair:3   | Found a transporter.
 18396 | Lair:3   | Killed Fannar
 18396 | Lair:3   | Identified the +1 hat of Weirdness {rN++ Dex+3} (Okawaru
                  | gifted it to you on level 3 of the Lair of Beasts)
 18396 | Lair:3   | Received a gift from Okawaru
 18865 | Lair:3   | 18865 ||| INVOKING Heroism.
 19162 | Lair:3   | 19162 ||| UPGRADING to +1 hat of Weirdness {rN++ Dex+3}.
 19167 | Lair:3   | 19167 ||| READING scroll labelled KIUNUD LAPP.
 19207 | Lair:4   | 19207 ||| INVOKING Heroism.
 19299 | Lair:4   | 19299 ||| INVOKING Heroism.
 19372 | Lair:4   | Was forgiven by Ignis
 19373 | Lair:4   | 19373 ||| INVOKING Heroism.
 19642 | Lair:4   | 19642 ||| Stepping ~*~*~tactically~*~*~ (stealth).
 19643 | Lair:4   | 19643 ||| Stepping ~*~*~tactically~*~*~ (stealth).
 19947 | Lair:4   | 19947 ||| Stepping ~*~*~tactically~*~*~ (stealth).
 20020 | Lair:5   | 20020 ||| INVOKING Heroism.
 20023 | Lair:5   | 20023 ||| SWAPPING to +1 hand axe of flaming.
 20026 | Lair:5   | 20026 ||| STAIRDANCE
 20034 | Lair:4   | 20034 ||| SWAPPING to +4 war axe.
 20144 | Lair:5   | Found a viscous altar of Jiyva.
 20144 | Lair:5   | Found a staircase to the Slime Pits.
 20202 | Lair:5   | 20202 ||| Stepping ~*~*~tactically~*~*~ (stealth).
 20204 | Lair:5   | 20204 ||| Stepping ~*~*~tactically~*~*~ (stealth).
 20209 | Lair:5   | 20209 ||| Stepping ~*~*~tactically~*~*~ (stealth).
 20328 | Lair:5   | Reached skill level 15 in Axes
 20362 | Lair:5   | 20362 ||| Stepping ~*~*~tactically~*~*~ (stealth).
 20373 | Lair:5   | Reached skill level 9 in Invocations
 20412 | Lair:5   | 20412 ||| INVOKING Heroism.
 20692 | Lair:5   | Noticed a fire dragon
 20695 | Lair:5   | 20695 ||| INVOKING Heroism.
 20696 | Lair:5   | 20696 ||| Stepping ~*~*~tactically~*~*~ (hiding).
 20717 | Lair:5   | 20717 ||| Stepping ~*~*~tactically~*~*~ (cloud).
 20720 | Lair:5   | 20720 ||| Stepping ~*~*~tactically~*~*~ (cloud).
 20730 | Lair:5   | 20730 ||| INVOKING Heroism.
 20735 | Lair:5   | 20735 ||| FLEEEEING.
 20745 | Lair:5   | Found a large runed translucent door.
 20750 | Lair:5   | 20750 ||| FLEEEEING.
 20751 | Lair:5   | 20751 ||| FLEEEEING.
 20752 | Lair:5   | 20752 ||| FLEEEEING.
 20753 | Lair:5   | 20753 ||| FLEEEEING.
 20754 | Lair:5   | 20754 ||| FLEEEEING.
 20756 | Lair:5   | 20756 ||| FLEEEEING.
 20992 | Lair:5   | 20992 ||| Stepping ~*~*~tactically~*~*~ (hiding).
 20994 | Lair:5   | 20994 ||| INVOKING Heroism.
 21015 | Lair:5   | 21015 ||| Stepping ~*~*~tactically~*~*~ (stealth).
 21016 | Lair:5   | 21016 ||| Stepping ~*~*~tactically~*~*~ (stealth).
 21018 | Lair:5   | 21018 ||| Stepping ~*~*~tactically~*~*~ (stealth).
 21046 | Lair:5   | 21046 ||| FLEEEEING.
 21047 | Lair:5   | 21047 ||| FLEEEEING.
 21048 | Lair:5   | 21048 ||| FLEEEEING.
 21049 | Lair:5   | 21049 ||| FLEEEEING.
 21050 | Lair:5   | 21050 ||| FLEEEEING.
 21051 | Lair:5   | 21051 ||| FLEEEEING.
 21052 | Lair:5   | 21052 ||| FLEEEEING.
 21053 | Lair:5   | 21053 ||| FLEEEEING.
 21054 | Lair:5   | 21054 ||| FLEEEEING.
 21055 | Lair:5   | 21055 ||| FLEEEEING.
 21056 | Lair:5   | 21056 ||| FLEEEEING.
 21057 | Lair:5   | 21057 ||| FLEEEEING.
 21058 | Lair:5   | 21058 ||| FLEEEEING.
 21059 | Lair:5   | 21059 ||| FLEEEEING.
 21061 | Lair:5   | 21061 ||| FLEEEEING.
 21066 | Lair:5   | 21066 ||| FLEEEEING.
 21067 | Lair:5   | 21067 ||| FLEEEEING.
 21068 | Lair:5   | 21068 ||| FLEEEEING.
 21069 | Lair:5   | 21069 ||| FLEEEEING.
 21072 | Lair:5   | 21072 ||| FLEEEEING.
 21073 | Lair:5   | 21073 ||| FLEEEEING.
 21074 | Lair:5   | 21074 ||| FLEEEEING.
 21075 | Lair:5   | 21075 ||| FLEEEEING.
 21076 | Lair:5   | 21076 ||| FLEEEEING.
 21077 | Lair:5   | 21077 ||| FLEEEEING.
 21078 | Lair:5   | 21078 ||| FLEEEEING.
 21079 | Lair:5   | 21079 ||| FLEEEEING.
 21080 | Lair:5   | 21080 ||| FLEEEEING.
 21081 | Lair:5   | 21081 ||| FLEEEEING.
 21082 | Lair:5   | 21082 ||| FLEEEEING.
 21083 | Lair:5   | 21083 ||| FLEEEEING.
 21084 | Lair:5   | 21084 ||| FLEEEEING.
 21085 | Lair:5   | 21085 ||| FLEEEEING.
 21086 | Lair:5   | 21086 ||| FLEEEEING.
 21087 | Lair:5   | 21087 ||| FLEEEEING.
 21088 | Lair:5   | 21088 ||| FLEEEEING.
 21089 | Lair:5   | 21089 ||| FLEEEEING.
 21090 | Lair:5   | 21090 ||| FLEEEEING.
 21091 | Lair:5   | 21091 ||| FLEEEEING.
 21092 | Lair:5   | 21092 ||| FLEEEEING.
 21093 | Lair:5   | 21093 ||| FLEEEEING.
 21094 | Lair:5   | 21094 ||| FLEEEEING.
 21095 | Lair:5   | 21095 ||| FLEEEEING.
 21096 | Lair:5   | 21096 ||| FLEEEEING.
 21097 | Lair:5   | 21097 ||| FLEEEEING.
 21098 | Lair:5   | 21098 ||| FLEEEEING.
 21099 | Lair:5   | 21099 ||| FLEEEEING.
 21100 | Lair:5   | 21100 ||| FLEEEEING.
 21101 | Lair:5   | 21101 ||| FLEEEEING.
 21102 | Lair:5   | 21102 ||| FLEEEEING.
 21103 | Lair:5   | 21103 ||| FLEEEEING.
 21104 | Lair:5   | 21104 ||| FLEEEEING.
 21105 | Lair:5   | 21105 ||| FLEEEEING.
 21106 | Lair:5   | 21106 ||| FLEEEEING.
 21107 | Lair:5   | 21107 ||| FLEEEEING.
 21108 | Lair:5   | 21108 ||| FLEEEEING.
 21109 | Lair:5   | 21109 ||| FLEEEEING.
 21110 | Lair:5   | 21110 ||| STAIRDANCE
 21164 | Lair:5   | 21164 ||| INVOKING Heroism.
 21422 | Lair:5   | 21422 ||| INVOKING Heroism.
 21429 | Lair:5   | 21429 ||| Stepping ~*~*~tactically~*~*~ (cloud).
 21430 | Lair:5   | 21430 ||| Stepping ~*~*~tactically~*~*~ (cloud).
 21514 | Lair:5   | 21514 ||| Stepping ~*~*~tactically~*~*~ (stealth).
 21516 | Lair:5   | 21516 ||| Stepping ~*~*~tactically~*~*~ (stealth).
 21526 | Lair:5   | 21526 ||| FLEEEEING.
 21579 | Lair:5   | 21579 ||| Stepping ~*~*~tactically~*~*~ (stealth).
 21581 | Lair:5   | 21581 ||| Stepping ~*~*~tactically~*~*~ (stealth).
 21583 | Lair:5   | 21583 ||| INVOKING Heroism.
 21642 | Lair:5   | Found a large runed translucent door.
 21658 | Lair:5   | Found the +5 scythe "Finisher" {speed, eviscerate}
 22030 | Lair:5   | 22030 ||| PLANNING D:1-11
 22230 | D:10     | Entered Level 10 of the Dungeon
 22230 | D:10     | Found Uriaq's Distillery.
 22235 | D:10     | 22235 ||| BUYING potion of cancellation (88 gold).
 22235 | D:10     | Bought a potion of cancellation for 88 gold pieces
 22235 | D:10     | 22235 ||| BUYING potion of curing (33 gold).
 22235 | D:10     | Bought a potion of curing for 33 gold pieces
 22235 | D:10     | 22235 ||| BUYING potion of heal wounds (55 gold).
 22235 | D:10     | Bought a potion of heal wounds for 55 gold pieces
 22262 | D:10     | Noticed Urug
 22263 | D:10     | 22263 ||| FLEEEEING.
 22264 | D:10     | 22264 ||| FLEEEEING.
 22272 | D:10     | 22272 ||| INVOKING Heroism.
 22288 | D:10     | Killed Urug
 22352 | D:10     | 22352 ||| Stepping ~*~*~tactically~*~*~ (hiding).
 22485 | D:10     | Found Deraucsi's Antique Weapon Emporium.
 22501 | D:10     | 22501 ||| Stepping ~*~*~tactically~*~*~ (stealth).
 22507 | D:10     | 22507 ||| Stepping ~*~*~tactically~*~*~ (stealth).
 22508 | D:10     | 22508 ||| INVOKING Heroism.
 22510 | D:10     | 22510 ||| Stepping ~*~*~tactically~*~*~ (stealth).
 22550 | D:10     | Found Ciphuoh's Jewellery Shoppe.
 22559 | D:10     | 22559 ||| BUYING +6 ring of dexterity (540 gold).
 22559 | D:10     | Bought a +6 ring of dexterity for 540 gold pieces
 22559 | D:10     | 22559 ||| SHOPLISTING ring of Gouzonam {Str+4 SInv} (456
                  | gold, have 156).
 22559 | D:10     | 22559 ||| SHOPLISTING ring of fire (375 gold, have 156).
 22559 | D:10     | 22559 ||| SHOPLISTING ring of protection from fire (375
                  | gold, have 156).
 22561 | D:10     | 22561 ||| DROPPING ring of willpower.
 22562 | D:10     | 22562 ||| READING 4 scrolls of teleportation.
 22587 | D:10     | 22587 ||| Stepping ~*~*~tactically~*~*~ (hiding).
 22590 | D:10     | 22590 ||| Stepping ~*~*~tactically~*~*~ (hiding).
 22594 | D:10     | Found Uhiahoni's Antique Armour Shoppe.
 22601 | D:10     | 22601 ||| INVOKING Heroism.
 22608 | D:10     | Reached skill level 3 in Throwing
 22676 | D:10     | Found a transporter.
 22678 | D:10     | Found Piusch's Magic Scroll Shop.
 22698 | D:10     | Noticed qw's ghost (novice DsCA)
 22707 | D:10     | 22707 ||| BUYING scroll of identify (24 gold).
 22707 | D:10     | Bought a scroll of identify for 24 gold pieces
 22707 | D:10     | 22707 ||| BUYING scroll of identify (24 gold).
 22707 | D:10     | Bought a scroll of identify for 24 gold pieces
 22724 | D:10     | 22724 ||| Stepping ~*~*~tactically~*~*~ (hiding).
 22883 | D:10     | Found a transporter.
 22885 | D:10     | 22885 ||| Stepping ~*~*~tactically~*~*~ (stealth).
 22911 | D:10     | 22911 ||| INVOKING Heroism.
 22915 | D:10     | HP: 24/103 [electric eel/bolt of electricity (2)]
 22916 | D:10     | 22916 ||| READING 3 scrolls of teleportation.
 22917 | D:10     | 22917 ||| DRINKING 2 potions of heal wounds.
 23051 | D:10     | 23051 ||| Stepping ~*~*~tactically~*~*~ (stealth).
 23288 | D:10     | Noticed Snorg
 23289 | D:10     | 23289 ||| INVOKING Heroism.
 23302 | D:10     | Killed Snorg
 23680 | D:11     | 23680 ||| INVOKING Heroism.
 23700 | D:11     | 23700 ||| FLEEEEING.
 23701 | D:11     | 23701 ||| STAIRDANCE
 23899 | D:11     | 23899 ||| STAIRDANCE
 23907 | D:11     | 23907 ||| STAIRDANCE
 24025 | D:11     | 24025 ||| INVOKING Heroism.
 24111 | D:11     | 24111 ||| INVOKING Heroism.
 24155 | D:11     | Gained mutation: Your presence sometimes corrodes those you
                  | injure. [demonic ancestry]
 24155 | D:11     | Reached XP level 14. HP: 110/110 MP: 21/21
 24184 | D:11     | 24184 ||| INVOKING Heroism.
 24327 | D:11     | Found a staircase to the Orcish Mines.
 24472 | D:11     | Identified the +0 cloak "Tuel" {Regen+ Int+4} (Okawaru
                  | gifted it to you on level 11 of the Dungeon)
 24472 | D:11     | Received a gift from Okawaru
 24557 | D:11     | 24557 ||| PLANNING D
 24557 | D:11     | 24557 ||| UPGRADING to +0 cloak "Tuel" {Regen+ Int+4}.
 24562 | D:11     | 24562 ||| DROPPING +6 ring of intelligence.
 24563 | D:11     | 24563 ||| READING scroll labelled UPOQOA JYXZE.
 24786 | D:12     | 24786 ||| FLEEEEING.
 24787 | D:12     | 24787 ||| STAIRDANCE
 24806 | D:11     | 24806 ||| DROPPING ring of positive energy.
 24832 | D:12     | 24832 ||| INVOKING Heroism.
 24833 | D:12     | 24833 ||| INVOKING Finesse.
 24920 | D:12     | 24920 ||| INVOKING Heroism.
 25136 | D:12     | Noticed Maurice
 25137 | D:12     | 25137 ||| Stepping ~*~*~tactically~*~*~ (hiding).
 25154 | D:12     | Killed Maurice
 25155 | D:12     | Reached skill level 9 in Armour
 25205 | D:12     | 25205 ||| FLEEEEING.
 25206 | D:12     | 25206 ||| FLEEEEING.
 25207 | D:12     | 25207 ||| FLEEEEING.
 25208 | D:12     | 25208 ||| FLEEEEING.
 25209 | D:12     | 25209 ||| FLEEEEING.
 25210 | D:12     | 25210 ||| FLEEEEING.
 25212 | D:12     | 25212 ||| FLEEEEING.
 25213 | D:12     | 25213 ||| FLEEEEING.
 25214 | D:12     | 25214 ||| FLEEEEING.
 25215 | D:12     | 25215 ||| FLEEEEING.
 25216 | D:12     | 25216 ||| FLEEEEING.
 25389 | D:12     | Reached skill level 16 in Axes
 25690 | D:13     | Noticed Xuta's ghost (journeyman FoFi)
 25810 | D:13     | Found a runed translucent gate.
 25837 | D:13     | 25837 ||| Stepping ~*~*~tactically~*~*~ (hiding).
 25857 | D:13     | Found a runed translucent gate.
 25858 | D:13     | Found a runed translucent gate.
 25926 | D:13     | 25926 ||| Stepping ~*~*~tactically~*~*~ (stealth).
 25928 | D:13     | 25928 ||| Stepping ~*~*~tactically~*~*~ (hiding).
 26075 | D:13     | 26075 ||| INVOKING Heroism.
 26110 | D:13     | Reached skill level 6 in Shields
 26142 | D:13     | Identified the +1 plate armour "Naikh" {rF- rCorr Str+5}
 26147 | D:13     | Found a gate to the Vaults.
 26148 | D:13     | 26148 ||| INVOKING Heroism.
 26511 | D:13     | 26511 ||| UPGRADING to +0 kite shield.
 26521 | D:13     | 26521 ||| DROPPING +0 buckler.
 26553 | D:14     | 26553 ||| Stepping ~*~*~tactically~*~*~ (stealth).
 26556 | D:14     | 26556 ||| INVOKING Heroism.
 26580 | D:14     | HP: 27/113 [very large slime creature (5)]
 26581 | D:14     | 26581 ||| READING 4 scrolls of teleportation.
 26582 | D:14     | 26582 ||| DRINKING potion of heal wounds.
 26587 | D:14     | 26587 ||| INVOKING Finesse.
 26708 | D:14     | Identified Roxanne's Incunabulum of the Rocks
 26708 | D:14     | Noticed Roxanne
 26709 | D:14     | 26709 ||| INVOKING Heroism.
 26741 | D:14     | 26741 ||| INVOKING Heroism.
 26748 | D:14     | Killed Roxanne
 26834 | D:14     | 26834 ||| Stepping ~*~*~tactically~*~*~ (hiding).
 26865 | D:14     | 26865 ||| Stepping ~*~*~tactically~*~*~ (hiding).
 27050 | D:14     | 27050 ||| Stepping ~*~*~tactically~*~*~ (hiding).
 27051 | D:14     | 27051 ||| Stepping ~*~*~tactically~*~*~ (hiding).
 27073 | D:14     | 27073 ||| Stepping ~*~*~tactically~*~*~ (hiding).
 27076 | D:14     | 27076 ||| Stepping ~*~*~tactically~*~*~ (hiding).
 27093 | D:14     | 27093 ||| INVOKING Heroism.
 27350 | D:14     | 27350 ||| DROPPING amulet of guardian spirit.
 27351 | D:14     | 27351 ||| DROPPING ring of flight.
 27352 | D:14     | 27352 ||| READING 16 scrolls of identify.
 27352 | D:14     | 27352 ||| IDENTIFYING purple potion
 27353 | D:14     | 27353 ||| DROPPING potion of brilliance.
 27361 | D:15     | Entered Level 15 of the Dungeon
 27418 | D:15     | 27418 ||| INVOKING Heroism.
 27450 | D:15     | 27450 ||| SWAPPING to +2 vampiric war axe.
 27451 | D:15     | 27451 ||| DROPPING +4 war axe.
 27467 | D:15     | 27467 ||| READING 2 scrolls of enchant armour.
 27467 | D:15     | 27467 ||| ENCHANTING +1 pair of gloves of dexterity.
 27468 | D:15     | 27468 ||| READING scroll of enchant armour.
 27468 | D:15     | 27468 ||| ENCHANTING +1 pair of boots.
 27477 | D:15     | Received a gift from Okawaru
 27481 | D:15     | 27481 ||| INVOKING Heroism.
 27490 | D:15     | Reached skill level 9 in Shields
 27490 | D:15     | 27490 ||| Stepping ~*~*~tactically~*~*~ (stealth).
 27531 | D:15     | Found a staircase to the Depths.
 27575 | D:15     | 27575 ||| INVOKING Heroism.
 27584 | D:15     | 27584 ||| Stepping ~*~*~tactically~*~*~ (stealth).
 27589 | D:15     | 27589 ||| Stepping ~*~*~tactically~*~*~ (stealth).
 27662 | D:15     | 27662 ||| Stepping ~*~*~tactically~*~*~ (stealth).
 27667 | D:15     | 27667 ||| Stepping ~*~*~tactically~*~*~ (stealth).
 27686 | D:15     | 27686 ||| Stepping ~*~*~tactically~*~*~ (stealth).
 27701 | D:15     | 27701 ||| INVOKING Heroism.
 27702 | D:15     | 27702 ||| INVOKING Finesse.
 27707 | D:15     | 27707 ||| SWAPPING to +1 hand axe of flaming.
 27715 | D:15     | 27715 ||| SWAPPING to +2 vampiric war axe.
 27739 | D:15     | 27739 ||| Stepping ~*~*~tactically~*~*~ (stealth).
 27743 | D:15     | 27743 ||| Stepping ~*~*~tactically~*~*~ (stealth).
 27744 | D:15     | 27744 ||| Stepping ~*~*~tactically~*~*~ (stealth).
 27952 | D:15     | Identified the +6 plate armour "Ischihufob" {Rampage}
                  | (Okawaru gifted it to you on level 15 of the Dungeon)
 27952 | D:15     | Received a gift from Okawaru
 27960 | D:15     | Reached XP level 15. HP: 118/118 MP: 22/22
 27964 | D:15     | 27964 ||| Stepping ~*~*~tactically~*~*~ (stealth).
 27969 | D:15     | 27969 ||| FLEEEEING.
 27970 | D:15     | 27970 ||| FLEEEEING.
 27971 | D:15     | 27971 ||| FLEEEEING.
 27972 | D:15     | 27972 ||| FLEEEEING.
 27973 | D:15     | 27973 ||| FLEEEEING.
 27974 | D:15     | 27974 ||| FLEEEEING.
 27977 | D:15     | 27977 ||| FLEEEEING.
 27980 | D:15     | 27980 ||| FLEEEEING.
 27981 | D:15     | 27981 ||| FLEEEEING.
 27982 | D:15     | 27982 ||| FLEEEEING.
 27983 | D:15     | 27983 ||| FLEEEEING.
 27992 | D:15     | 27992 ||| INVOKING Heroism.
 28043 | D:15     | 28043 ||| INVOKING Heroism.
 28072 | D:15     | Reached skill level 6 in Dodging
 28084 | D:15     | 28084 ||| Stepping ~*~*~tactically~*~*~ (hiding).
 28086 | D:15     | 28086 ||| Stepping ~*~*~tactically~*~*~ (hiding).
 28093 | D:15     | 28093 ||| Stepping ~*~*~tactically~*~*~ (hiding).
 28621 | D:15     | 28621 ||| PLANNING ORC
 28621 | D:15     | 28621 ||| DROPPING +1 plate armour "Naikh" {rF- rCorr
                  | Str+5}.
 28622 | D:15     | 28622 ||| UPGRADING to +6 plate armour "Ischihufob"
                  | {Rampage}.
 28632 | D:15     | 28632 ||| DROPPING +0 plate armour of willpower.
 28633 | D:15     | 28633 ||| READING scroll labelled IVAICUNW OLUE.
 28757 | Orc:1    | Entered Level 1 of the Orcish Mines
 28806 | Orc:1    | 28806 ||| Stepping ~*~*~tactically~*~*~ (stealth).
 28806 | Orc:1    | Found Ehaoxt Qokhlu's Antique Weapon Emporium.
 28807 | Orc:1    | 28807 ||| Stepping ~*~*~tactically~*~*~ (stealth).
 28808 | Orc:1    | 28808 ||| Stepping ~*~*~tactically~*~*~ (stealth).
 29045 | Orc:2    | Entered Level 2 of the Orcish Mines
 29049 | Orc:2    | 29049 ||| INVOKING Heroism.
 29092 | Orc:2    | Noticed an orc warlord
 29093 | Orc:2    | 29093 ||| INVOKING Finesse.
 29094 | Orc:2    | 29094 ||| INVOKING Heroism.
 29118 | Orc:2    | Killed an orc warlord
 29192 | Orc:2    | 29192 ||| INVOKING Heroism.
 29321 | Orc:2    | Found a staircase to the Elven Halls.
 29518 | Orc:2    | 29518 ||| Stepping ~*~*~tactically~*~*~ (hiding).
 29525 | Orc:2    | 29525 ||| Stepping ~*~*~tactically~*~*~ (stealth).
 29536 | Orc:2    | 29536 ||| INVOKING Heroism.
 29651 | Orc:2    | 29651 ||| INVOKING Heroism.
 29772 | Orc:2    | 29772 ||| INVOKING Heroism.
 29786 | Orc:2    | HP: 24/117 [orc priest/divine providence (12)]
 29787 | Orc:2    | 29787 ||| READING 5 scrolls of teleportation.
 29787 | Orc:2    | HP: 11/118 [orc priest/nerve-wracking pain (2)]
 29788 | Orc:2    | Killed from afar by an orc priest

Levels and vault maps discovered:
D:1:      wander_arrival_estate, layout_basic, serial_corexii_hall,
          corexii_hall_statues_u, corexii_hall_statues_x,
          corexii_hall_statues_l, corexii_hall_statues_i, hangedman_decor_push
D:2:      layout_loops_ring, serial_shops, nicolae_diamond_shop, hex_medium
D:3:      layout_basic, kennysheep_slug_shrine, gup_sewer_entry_glass,
          st_stairs_14, corexii_leaking_fountain, uniq_ijyb
D:4:      layout_basic, kennysheep_mini, temple_green
D:5:      layout_loops_ring, amcnicky_altar_gilded, serial_shops, shop, shop,
          kennysheep_little_box, nicolae_shop_advertising_works
          [nicolae_subvault_shop_adworks], uniq_grinder, uniq_crazy_yiuf_cottage
D:6:      layout_basic, ebering_ghost_sewer_f, uniq_blork_the_orc, uniq_edmund,
          uniq_pikel
D:7:      layout_basic, lightli_orcish_oven
D:8:      layout_loops_ring, grunt_temple_overflow_open, gammafunk_ghost_arena,
          uniq_joseph
D:9:      layout_gridville, lair_entry_dummy
D:10:     layout_roguey, gammafunk_ghost_stat_death, serial_ice, serial_ice_b,
          serial_ice_m, serial_ice_j, serial_ice_g, serial_ice_d, serial_ice_h,
          serial_ice_a, serial_ice_f, serial_shops, nicolae_shop_statue_plus,
          nicolae_shop_hallway_plus, nicolae_stop_n_shop_2,
          nicolae_stop_n_shop_1, shop_coins, uniq_urug, uniq_snorg
D:11:     layout_cross, david_orc_4
D:12:     layout_roguey, uniq_maurice
D:13:     layout_loops_ring, grunt_vaults_entry_tiered, gammafunk_ghost_icy
D:14:     layout_rooms, nicolae_concentric_dashed_squares_mild, uniq_roxanne
D:15:     grunt_enter_depths_magical_seal, layout_basic, hangedman_decor_growths
Temple:   nicolae_temple_bog_church
Lair:1:   layout_cave_pods, grunt_forest_large_clearings, serial_bayou_shore_b,
          grunt_megastairs_3
Lair:2:   wad_woods_04, layout_loops_ring, nicolae_volcano_entry_two_sided,
          ebering_ghost_reflecting_pool, forest_entry_grove
Lair:3:   gammafunk_cloud_chamber, layout_regular_city,
          minmay_shoals_entry_centaurs, guppyfry_snake_entry_garden,
          st_stairs_4, uniq_fannar, uniq_josephine
Lair:4:   layout_roguey, nzn_random_ring
Lair:5:   cheibrodos_lair_end_hotspot, layout_loops_ring,
          dpeg_slime_entry_enclosed, chequers_serial_rivers_large_b,
          serial_bayou_lagoon_a, roderic_batcave
Orc:1:    layout_caves, serial_shops, shop, basic_altar, uniq_jorgrun
Orc:2:    st_orc_pillars, layout_caves, nicolae_orc_flooded_monolith,
          bh_open_orc_temple

Skill      XL: |  1  2  3  4  5  6  7  8  9 10 11 12 13 14 15 |
---------------+----------------------------------------------+-----
Axes           | 3 4 5 6 7 8 10 11 13 14 15 16 | 16.0
Shields        | 1 2 3 4 5 9 11 | 11.0
Armour         | 1 2 5 6 7 8 9 |  9.5
Fighting       | 4 5 6 8 9 10 11 | 11.0
Dodging        | 1 3 4 5 6 |  6.0
Throwing       | 1 2 5 |  5.1
Invocations    | 4 6 10 | 10.0
Spellcasting   | |  1.0
Fire Magic     | |  2.6

Action                   |  1- 3 |  4- 6 |  7- 9 | 10-12 | 13-15 || total
-------------------------+-------+-------+-------+-------+-------++-------
Melee: Hand axe          |   114 |   175 |   319 |    24 |    11 ||   643
       War axe           |       |       |    74 |   488 |   963 ||  1525
       Headbutt          |       |       |       |   113 |   278 ||   391
Throw: Boomerang         |       |       |    24 |    88 |   128 ||   240
       Javelin           |       |       |       |       |    55 ||    55
Invok: Fiery Armour      |     5 |       |     5 |     2 |       ||    12
       Heroism           |       |       |       |    19 |    43 ||    62
       Finesse           |       |       |       |       |     4 ||     4
  Use: Scroll            |     3 |     5 |     4 |     4 |    10 ||    26
       Potion            |     3 |     1 |     2 |     6 |     2 ||    14
 Stab: Distracted        |       |       |     1 |       |     1 ||     2
Armor: Robe              |    14 |       |       |       |       ||    14
       Scale mail        |    17 |    24 |       |       |       ||    41
       Chain mail        |       |    74 |   188 |    17 |       ||   279
       Plate armour      |       |       |       |   200 |   286 ||   486
Dodge: Dodged            |    64 |    45 |    97 |   141 |   210 ||   557
Block: Buckler           |     5 |    24 |   149 |   260 |   243 ||   681
       Reflection        |       |       |     7 |    11 |    34 ||    52
       Kite shield       |       |       |       |       |   320 ||   320

Table legend:
 A = Non-vault XP
 B = Vault XP
 C = Vault XP percentage of total XP
 D = Non-vault monster count
 E = Vault monster count
 F = Vault count percentage of total count
                 A         B        C        D         E       F
            +---------+---------+-------+---------+---------+-------
      Total |   79143 |   41863 |  34.6 |     459 |     190 |  29.3
            +---------+---------+-------+---------+---------+-------
        D:1 |      42 |       0 |   0.0 |      25 |       0 |   0.0
        D:2 |      35 |       0 |   0.0 |      14 |       0 |   0.0
        D:3 |      95 |      42 |  30.7 |      23 |       3 |  11.5
        D:4 |     269 |       0 |   0.0 |      18 |       0 |   0.0
        D:5 |     927 |     932 |  50.1 |      23 |       2 |   8.0
        D:6 |     538 |     256 |  32.2 |      18 |       2 |  10.0
        D:7 |    1359 |      15 |   1.1 |      18 |       5 |  21.7
        D:8 |    2448 |     450 |  15.5 |      25 |       1 |   3.8
        D:9 |    1100 |       0 |   0.0 |      22 |       0 |   0.0
       D:10 |    2711 |    3005 |  52.6 |      19 |      17 |  47.2
       D:11 |    4457 |     672 |  13.1 |      28 |      16 |  36.4
       D:12 |    6152 |     480 |   7.2 |      14 |       1 |   6.7
       D:13 |    1943 |    7136 |  78.6 |      12 |      25 |  67.6
       D:14 |    9620 |    1367 |  12.4 |      23 |       1 |   4.2
       D:15 |   12790 |    4725 |  27.0 |      38 |      10 |  20.8
     Lair:1 |    3444 |    4249 |  55.2 |      12 |      26 |  68.4
     Lair:2 |    4306 |    1112 |  20.5 |      14 |       7 |  33.3
     Lair:3 |    5598 |    4187 |  42.8 |      16 |      14 |  46.7
     Lair:4 |    6142 |    5323 |  46.4 |      22 |      15 |  40.5
     Lair:5 |    6054 |    6504 |  51.8 |      21 |      29 |  58.0
      Orc:1 |     553 |       0 |   0.0 |       8 |       0 |   0.0
      Orc:2 |    8560 |    1408 |  14.1 |      46 |      16 |  25.8
            +---------+---------+-------+---------+---------+-------
